 Dungeon Crawl Stone Soup version 0.20.1-1-g8b1a95d (webtiles) character file.

71817 tmwrnj the Peltast (level 15, -2/120 HPs)
             Began as a Hill Orc Fighter on Sept 13, 2017.
             Was the Champion of Beogh.
             Slain by a sun demon (11 damage)
             ... on level 2 of the Abyss on Sept 19, 2017.
             The game lasted 02:29:00 (32222 turns).

tmwrnj the Peltast (Hill Orc Fighter)              Turns: 32222, Time: 02:29:00

Health: -2/120     AC: 20    Str: 24 (25) XL:     15   Next: 37%
Magic:  11/11      EV:  9    Int:  5 (6)  God:    Beogh [******]
Gold:   2505       SH: 16    Dex:  8 (9)  Spells: 14/14 levels left

rFire    . . .     SeeInvis .   q - +1 mace (protect)
rCold    . . .     Gourm    .   m - +2 shield
rNeg     . . .     Faith    .   e - +0 plate armour
rPois    .         Spirit   .   w - +0 helmet
rElec    .         Reflect  .   I - +0 cloak
rCorr    .         Harm     .   R - +0 pair of gloves
MR       +....     Rnd*Rage +   (no boots) Stlth ..........Rnd*Tele +
                                (no amulet)
Regen    0.0/turn               M - +5 ring of protection
MPRegen  0.2/turn               r - +6 ring of strength

@: no status effects
A: walk on water, [berserk 3], [blurry vision 2], [clumsy 2], [deformed body],
deterioration 1[+1], [dopey 1], [frail 1], [low mp 3], [screaming 3], [inhibited
regeneration], [teleportitis 3], [weak 2], [no potion heal 3], [subdued magic
3], [MP-powered wands]
a: Smiting, Recall Orcish Followers, Give Item to Named Follower, Resurrection,
Renounce Religion


You were on level 2 of the Abyss.
You worshipped Beogh.
Beogh was exalted by your worship.
You were hungry.

You visited 4 branches of the dungeon, and saw 24 of its levels.
You visited the Abyss 1 time.

You collected 2505 gold pieces.

Inventory:

Hand Weapons
 c - the +1 great mace of the Middle {flame, MR+ Int+4 Stlth+}
   (You found it on level 10 of the Dungeon)

   It has been specially enchanted to burn those struck by it, causing extra
   injury to most foes and up to half again as much damage against particularly
   susceptible opponents.
   It affects your intelligence (+4).
   It affects your resistance to hostile enchantments.
   It makes you more stealthy.
 q - a +1 mace of protection (weapon)
 v - a +2 morningstar of flaming
 E - a +2 dire flail of freezing
 W - a +1 mace of holy wrath
Armour
 e - a +0 plate armour (worn)
 m - a +2 shield (worn)
 w - a +0 helmet (worn)
 I - a +0 cloak (worn)
 R - a +0 pair of gloves (worn)
 U - +0 fire dragon scales
Jewellery
 b - the ring "Qawyraj" {rF+ rC+ Str-2 Int+4 SInv}
   (You found it on level 4 of the Dungeon)

   [ring of protection from cold]

   It affects your strength (-2).
   It affects your intelligence (+4).
   It protects you from fire.
   It protects you from cold.
   It lets you see invisible.
 o - an uncursed ring of protection from magic
 r - a +6 ring of strength (right hand)
 t - a +4 ring of strength
 J - an uncursed ring of flight
 L - an uncursed ring of protection from cold
 M - a +5 ring of protection (left hand)
 N - a +2 ring of dexterity
 X - the ring "Foklaf" {rElec rPois rC+ SInv}
   (You found it on level 7 of the Dungeon)

   [ring of protection from cold]

   It protects you from cold.
   It insulates you from electricity.
   It protects you from poison.
   It lets you see invisible.
 Y - an uncursed ring of protection from fire
Wands
 p - a wand of random effects (24/48)
 G - a wand of polymorph (14/24)
Scrolls
 a - 3 scrolls of silence
 k - 3 scrolls of enchant armour
 l - 3 scrolls of fear
 s - 3 scrolls of blinking
 y - 6 scrolls of magic mapping
 A - 7 scrolls of remove curse
 B - 9 scrolls of teleportation
 F - 2 scrolls of recharging
 Q - a scroll of vulnerability {unknown}
 V - 8 scrolls of enchant weapon
Potions
 d - 3 potions of might
 g - 12 potions of curing
 h - a potion of heal wounds
 i - 4 potions of degeneration {unknown}
 j - a potion of agility {unknown}
 x - 2 potions of berserk rage {unknown}
 z - 5 potions of brilliance
 C - 3 potions of invisibility {unknown}
 D - a potion of cancellation {unknown}
 K - 5 potions of flight {unknown}
 O - a potion of magic {unknown}
 P - 4 potions of lignification {unknown}
 S - a potion of haste {unknown}
 Z - a potion of ambrosia {unknown}
Miscellaneous
 H - a lightning rod (4/4)
Comestibles
 f - 21 bread rations
 n - 7 royal jellies
 u - 15 meat rations


   Skills:
 + Level 12.5 Fighting
 + Level 14.5 Maces & Flails
 + Level 12.7 Armour
 + Level 4.0 Dodging
 + Level 3.6 Stealth
 + Level 17.1 Shields
 + Level 1.5 Invocations


You had 14 spell levels left.
You didn't know any spells.

Dungeon Overview and Level Annotations

Branches:
Dungeon (15/15)            Temple (0/1) D:5            Lair (6/6) D:10
  Swamp (0/4) Lair:3       Spider (0/4) Lair:2        Slime (0/5) Lair:6
    Orc (2/2) D:12            Elf (1/3) Orc:2        Vaults (0/5) D:13
 Depths (0/5) D:15

Altars:
Ashenzari
Elyvilon
Fedhas
Hepliaklqana
Kikubaaqudgha
Okawaru
Qazlal
Ru
Sif Muna
Trog
Vehumet
Xom
The Shining One
Jiyva

Shops:
D:7 :   D:8 !   D:12 (   Orc:1 *   Orc:2 !(?[

Annotations:
D:6 2 transporters
D:7 cache in south
D:10 Erolcha
D:15 Cache in south


Innate Abilities, Weirdness & Mutations

You can walk on water.
[You have an uncontrollable temper.]
[Scrolls take you longer to read.]
[You are very clumsy. (Dex -4)]
[Armour fits poorly on your strangely shaped body.]
[Your body often deteriorates upon taking damage.]
[You are dopey. (Int -2)]
[You are frail. (-10% HP)]
[Your magical capacity is extremely low. (-30% MP)]
[You frequently scream uncontrollably at your foes.]
[You do not regenerate when monsters are visible.]
[You are often teleported next to monsters.]
[You are very weak. (Str -4)]
[Potions cannot restore your health.]
[Your spells are much easier to cast, but much less powerful.]
[You expend magic power (3 MP) to strengthen your wands.]


Message History

Your connection to magic feels more subdued.
Your connection to magic feels nearly dormant.
The wretched star pulses with an eldritch light!
You feel the urge to shout.
You feel a strong urge to yell.
The wretched star pulses with an eldritch light!
You feel weaker. x2
The wretched star pulses with an eldritch light!
You feel less energetic. That would not heal you.
You have no ailments to cure.
Really read with blurry vision while enemies are nearby?
The sun demon hits you!
* * * LOW HITPOINT WARNING * * *
You are engulfed in flames!
* * * LOW HITPOINT WARNING * * *
The wretched star pulses with an eldritch light!
You feel a strong urge to scream.
You begin reading the scroll.
You continue reading the scroll.
The sun demon hits you!
You die...

.. ... ..####.
####..# .......
.#...# ... ...
....# .......###
....###
..#......###.......
.. .......3@.......
#......#....##...
##....X*#....... #
.#R..###.......
##...*X.# ....#.#
##.....X#....### .
# #......###...#
........## #.##
...##...# ## .#


You could see 2 wretched stars, a rakshasa, a sun demon and 2 large
abominations.

Vanquished Creatures
  A tentacled starspawn (Abyss:2)
  A fire dragon (Lair:6)
  2 hydras
  A catoblepas (D:14)
  2 ogre magi (Orc:2)
  A dancing weapon (D:13)
  A two-headed ogre (Orc:2)
  A death yak (Lair:6)
  A deep elf knight (D:15)
  A skeletal warrior (D:15)
  A wizard (D:15)
  An unseen horror (D:13)
  A deep elf archer (Elf:1)
  A cyclops (D:13)
  3 deep elf magi (Elf:1)
  An orc sorcerer (Orc:2)
  4 black mambas
  An ugly thing (D:11)
  Joseph (Lair:1)
  3 elephants (Lair:2)
  A molten gargoyle (Lair:6)
  4 spiny frogs
  2 komodo dragons
  An ice devil (D:11)
  7 trolls
  2 hornets
  5 blink frogs
  5 hippogriffs
  4 slime creatures
  3 dream sheep (Lair:4)
  An air elemental (Elf:1)
  A shadow (D:14)
  2 basilisks (Lair:6)
  2 hogs (D:7)
  A human (D:7)
  20 yaks
  Eustachio (D:5)
  A fire elemental (Elf:1)
  4 vampire mosquitoes
  A swamp worm (Lair:3)
  A warg (D:12)
  An acid dragon (D:15)
  A soldier ant (shapeshifter) (D:13)
  A soldier ant (D:12)
  2 water moccasins
  3 porcupines
  5 hell hounds
  3 ice beasts
  2 sky beasts
  3 orc warriors
  A black bear (D:6)
  A phantom (D:7)
  A necrophage (D:7)
  2 wolves (Lair:6)
  8 centaurs
  14 ogres
  A crocodile (Lair:1)
  2 big kobolds
  10 bullfrogs
  2 gnoll sergeants (D:9)
  6 scorpions
  A water moccasin skeleton (D:8)
  16 killer bees
  8 wights
  An electric eel (Lair:3)
  6 howler monkeys
  3 lava snakes
  A centaur zombie (D:10)
  2 crimson imps
  A bullfrog zombie (D:13)
  5 bullfrog skeletons
  5 hounds
  8 jellies
  Crazy Yiuf (D:3)
  7 orc priests
  9 orc wizards
  3 centaur skeletons
  Jessica (D:2)
  Terence (D:2)
  An iguana (D:8)
  9 worker ants
  Ijyb (D:4)
  Natasha (D:2)
  The ghost of Biabri the Sneak, a weakling FoAs (D:6)
  A howler monkey zombie (D:5)
  A worker ant zombie (D:3)
  12 gnolls
  14 adders
  A howler monkey skeleton (D:10)
  5 shadow imps
  An adder zombie (D:8)
  3 dart slugs
  3 leopard geckos
  39 orcs
  4 giant cockroaches
  10 goblins
  9 hobgoblins
  4 quokkas
  3 ball pythons
  8 bats
  2 frilled lizards
  A jackal zombie (D:8)
  17 kobolds
  A quokka zombie (D:6)
  5 rats
403 creatures vanquished.

Vanquished Creatures (collateral kills)
  2 deep elf death magi (Elf:1)
  An ettin (D:15)
  Harold (Lair:3)
  4 hydras
  15 two-headed ogres
  2 ogre magi (Orc:2)
  3 dancing weapons
  A death knight (D:15)
  6 centaur warriors
  5 death yaks (Lair:6)
  An orc high priest (Orc:1)
  4 deep elf knights
  A fire crab (Lair:6)
  A small abomination (Elf:1)
  4 skeletal warriors (D:15)
  2 orc knights (D:15)
  2 deep elf archers (Elf:1)
  A manticore (D:13)
  An orc sorcerer (Orc:2)
  9 deep elf magi
  A wolf spider (D:15)
  4 cyclopes
  5 black mambas (Lair:6)
  3 elephants (Lair:2)
  A gargoyle (D:13)
  2 molten gargoyles (Lair:6)
  2 centaur skeletons
  8 spiny frogs
  An eye of devastation (shapeshifter) (Elf:1)
  An ice devil (D:10)
  6 komodo dragons
  A meliai (shapeshifter) (D:15)
  5 trolls
  A polar bear (Lair:6)
  9 blink frogs
  9 slime creatures
  7 hippogriffs
  4 dream sheep (Lair:4)
  An air elemental (Elf:1)
  A yak (shapeshifter) (D:14)
  3 wyverns
  3 wraiths (D:15)
  18 yaks
  A water elemental (Elf:1)
  A steam dragon (Lair:6)
  3 basilisks
  2 hungry ghosts
  A warg (Orc:2)
  2 swamp worms (Lair:3)
  8 water moccasins
  A hell hound (Lair:6)
  4 porcupines
  A black bear (D:12)
  6 orc warriors
  11 centaurs
  7 wolves (Lair:6)
  23 ogres
  5 boggarts (D:15)
  5 crocodiles
  7 bullfrogs
  A scorpion (D:13)
  3 wights (D:15)
  2 howler monkeys (D:14)
  3 lava snakes (Lair:6)
  A bullfrog zombie (D:12)
  A crimson imp (D:15)
  3 orc priests
  A gnoll shaman (Orc:1)
  2 orc wizards
  An iguana (D:12)
  4 worker ants
  5 gnolls
  9 orcs
  A bush (Lair:4)
  A crawling corpse (Elf:1)
  27 fungi
  13 plants
328 creatures vanquished.

Vanquished Creatures (others)
  An orc knight (Orc:2)
  An orc sorcerer (Orc:2)
  4 orc warriors
  8 orc priests
  8 orc wizards
  41 orcs
  A bush (Lair:6)
  10 fungi
  5 plants
  4 starspawn tentacles (Abyss:2)
83 creatures vanquished.

Grand Total: 814 creatures vanquished

Notes
Turn   | Place    | Note
-------+----------+-------------------------------------------
     0 | D:1      | tmwrnj the Hill Orc Fighter began the quest for the Orb.
     0 | D:1      | Reached XP level 1. HP: 19/19 MP: 1/1
   172 | D:1      | Reached XP level 2. HP: 27/27 MP: 2/2
   581 | D:2      | Reached XP level 3. HP: 27/33 MP: 3/3
   595 | D:2      | Noticed Terence
   617 | D:2      | Killed Terence
   789 | D:2      | Reached XP level 4. HP: 38/40 MP: 4/4
   818 | D:2      | Noticed Natasha
  1834 | D:2      | Reached skill level 4 in Shields
  1908 | D:3      | Noticed Jessica
  1987 | D:2      | Reached XP level 5. HP: 43/47 MP: 5/5
  2011 | D:3      | Noticed a centaur
  2019 | D:2      | Killed Natasha
  2206 | D:2      | Killed Jessica
  2786 | D:3      | Killed a centaur
  2786 | D:3      | Reached XP level 6. HP: 18/55 MP: 6/6
  3146 | D:3      | Found a runed door.
  3150 | D:3      | Noticed Crazy Yiuf
  3158 | D:3      | Killed Crazy Yiuf
  3158 | D:3      | Reached skill level 5 in Armour
  3518 | D:4      | Got a crude silver ring
  3825 | D:4      | Noticed Ijyb
  3860 | D:4      | Killed Ijyb
  3945 | D:4      | Found a radiant altar of Vehumet.
  4059 | D:4      | Reached skill level 5 in Fighting
  4059 | D:4      | Reached skill level 5 in Shields
  4251 | D:5      | Entered Level 5 of the Dungeon
  4266 | D:5      | Found a staircase to the Ecumenical Temple.
  4284 | D:5      | Reached XP level 7. HP: 61/61 MP: 7/7
  4515 | D:5      | Found an ancient bone altar of Kikubaaqudgha.
  4517 | D:5      | Noticed Eustachio
  4862 | D:5      | Found a shattered altar of Ashenzari.
  5039 | D:5      | HP: 3/61 [bat[Eustachio] (1)]
  5171 | D:5      | Killed Eustachio
  5341 | D:5      | Reached skill level 5 in Maces & Flails
  5353 | D:5      | Found an iron altar of Okawaru.
  5528 | D:5      | Reached skill level 6 in Shields
  5601 | D:5      | Reached XP level 8. HP: 58/68 MP: 8/8
  5893 | D:6      | Noticed Biabri's ghost (weakling FoAs)
  6111 | D:6      | Killed Biabri's ghost
  6291 | D:6      | Reached skill level 1 in Dodging
  6331 | D:6      | Got a scorched ring mail
  6429 | D:6      | Noticed a two-headed ogre
  6436 | D:6      | Found a shimmering altar of Xom.
  6440 | D:6      | Found a transporter.
  6452 | D:6      | Found a transporter.
  7224 | D:7      | Got a fine tin ring
  7233 | D:7      | Became a worshipper of Beogh the Brigand
  7258 | D:6      | Reached skill level 7 in Shields
  7301 | D:6      | Reached XP level 9. HP: 58/74 MP: 9/9
  7524 | D:7      | You fall through a shaft for 3 floors!
  7524 | D:10     | Entered Level 10 of the Dungeon
  7786 | D:10     | Found a glowing golden altar of the Shining One.
  7833 | D:10     | Noticed a troll
  7936 | D:8      | Identified the ring "Qawyraj" {rF+ rC+ Str-2 Int+4 SInv} (You found it on level 4 of the Dungeon)
  7942 | D:8      | Identified the ring "Foklaf" {rElec rPois rC+ SInv} (You found it on level 7 of the Dungeon)
  7953 | D:8      | Identified the cursed +1 ring mail of Panentheism {MR+ Int+6} (You found it on level 6 of the Dungeon)
  8093 | D:8      | Found a blossoming altar of Fedhas.
  8093 | D:8      | Found a deep blue altar of Sif Muna.
  8164 | D:8      | Reached * piety under Beogh
  8300 | D:8      | Found Qiustroa's Distillery.
  8304 | D:8      | Noticed a two-headed ogre
  8609 | D:9      | Found a hazy altar of Hepliaklqana.
  8781 | D:9      | Reached skill level 8 in Shields
  9715 | D:7      | Reached XP level 10. HP: 85/85 MP: 10/10
  9952 | D:7      | Found Nuf Rank's Book Shoppe.
 10320 | D:7      | Reached skill level 9 in Shields
 10640 | D:8      | Found a white marble altar of Elyvilon.
 10660 | D:8      | Reached ** piety under Beogh
 12251 | D:9      | Paralysed by an orc wizard for 2 turns
 12459 | D:9      | Reached skill level 10 in Maces & Flails
 12632 | D:9      | Found a bloodstained altar of Trog.
 12792 | D:9      | Reached *** piety under Beogh
 13091 | D:9      | Reached skill level 10 in Shields
 13923 | D:10     | Got a faintly glowing great mace
 14132 | D:10     | Paralysed by a hornet for 3 turns
 14313 | D:10     | Noticed Erolcha
 14328 | D:10     | Reached XP level 11. HP: 93/94 MP: 11/11
 14629 | D:10     | Found a staircase to the Lair.
 14700 | D:10     | Reached skill level 11 in Shields
 15143 | D:9      | Identified the cursed +1 great mace of the Middle {flame, MR+ Int+4 Stlth+} (You found it on level 10 of the Dungeon)
 15335 | Lair:1   | Entered Level 1 of the Lair of Beasts
 15369 | Lair:1   | Noticed Joseph
 15392 | Lair:1   | Killed Joseph
 15392 | Lair:1   | Gained Arbolt as an ally
 15504 | Lair:1   | Reached **** piety under Beogh
 15764 | Lair:1   | Noticed a seven-headed hydra
 15771 | Lair:1   | Your ally Arbolt died
 16126 | D:11     | Found a sacrificial altar of Ru.
 16412 | D:11     | Noticed a purple ugly thing
 16440 | D:12     | Reached skill level 1 in Stealth
 16553 | D:12     | Noticed a four-headed hydra
 16659 | D:11     | Killed a purple ugly thing
 16961 | D:11     | HP: 2/97 [ice devil (8)]
 17792 | D:11     | Noticed a two-headed ogre
 17955 | D:12     | Found a staircase to the Orcish Mines.
 17985 | Orc:1    | Entered Level 1 of the Orcish Mines
 17985 | Orc:1    | Noticed an orc high priest
 18011 | D:12     | Found Heboimes's Weapon Shoppe.
 18176 | D:12     | Noticed a cyclops
 18185 | D:12     | Killed a cyclops
 18618 | D:13     | Noticed an enchanted long sword
 18629 | D:13     | Killed an enchanted long sword
 18629 | D:13     | Reached skill level 10 in Armour
 18629 | D:13     | Reached skill level 12 in Shields
 18629 | D:13     | Reached XP level 12. HP: 87/104 MP: 12/12
 18641 | D:13     | Found a gate to the Vaults.
 18652 | D:13     | Gained Ognian as an ally
 18900 | D:13     | Noticed a centaur warrior
 18915 | D:13     | Killed a centaur warrior
 19477 | D:14     | Noticed a catoblepas
 19483 | D:14     | Killed a catoblepas
 19717 | D:14     | Noticed a centaur warrior
 19726 | D:14     | Killed a centaur warrior
 19726 | D:14     | Reached skill level 10 in Fighting
 19854 | D:14     | Reached ***** piety under Beogh
 19915 | D:14     | Noticed a centaur warrior
 19924 | D:14     | Killed a centaur warrior
 20045 | D:14     | Killed a five-headed hydra
 20186 | D:15     | Entered Level 15 of the Dungeon
 20223 | D:15     | Reached skill level 13 in Shields
 20232 | D:15     | Noticed a centaur warrior
 20239 | D:15     | Gained Bogmar as an ally
 20241 | D:15     | Killed a centaur warrior
 20281 | D:15     | Found a stormy altar of Qazlal.
 20686 | D:15     | Noticed a two-headed ogre
 20693 | D:15     | Noticed an ettin
 20696 | D:15     | Killed a two-headed ogre
 20696 | D:15     | Reached XP level 13. HP: 77/113 MP: 13/13
 20703 | D:15     | Killed an ettin
 21472 | D:15     | Gained Boldo as an ally
 21617 | D:15     | Found a staircase to the Depths.
 21678 | D:15     | Reached skill level 14 in Shields
 22282 | D:14     | Got a steaming war axe
 22283 | D:14     | Identified the +7 war axe of the Moth {chop, +Inv rC+ MR- Int+5} (You found it on level 14 of the Dungeon)
 22427 | D:12     | Got a slimy robe
 22438 | D:12     | Identified the +1 robe of Hainox {*Contam Int+4 Slay+3} (You found it on level 12 of the Dungeon)
 22454 | D:12     | Gained mutation: [Your body sometimes deteriorates upon taking damage.] [mutagenic glow]
 23063 | Orc:1    | Found Bufar's Assorted Antiques.
 23341 | Orc:2    | Entered Level 2 of the Orcish Mines
 23348 | Orc:2    | Gained Geork as an ally
 23360 | Orc:2    | Gained Boderik as an ally
 23820 | Orc:2    | Reached skill level 1 in Invocations
 23829 | Orc:2    | Noticed an ogre mage
 23840 | Orc:2    | Reached ****** piety under Beogh
 23858 | Orc:2    | Your ally Boldo died
 23871 | Orc:2    | Killed an ogre mage
 23895 | Orc:2    | Found Ukaoch's Antique Weapon Shop.
 23895 | Orc:2    | Found Zetwocs's Distillery.
 23906 | Orc:2    | Found Puoph's Armour Shoppe.
 23906 | Orc:2    | Found Pephofoli's Magic Scroll Shop.
 23935 | Orc:2    | Reached XP level 14. HP: 54/124 MP: 14/14
 23985 | Orc:2    | Gained Garbold as an ally
 24035 | Orc:2    | Found a staircase to the Elven Halls.
 24985 | Lair:1   | Your ally Boderik died
 24990 | Lair:1   | Gained Hawl as an ally
 24990 | Lair:1   | Reached skill level 15 in Shields
 25428 | Lair:2   | Found a hole to the Spider Nest.
 26710 | Lair:3   | Noticed Harold
 26728 | Lair:3   | Killed Harold
 26879 | Lair:3   | Found a staircase to the Swamp.
 27175 | Lair:4   | Gained Hawl as an ally
 27178 | Lair:4   | Gained Morguth as an ally
 27914 | Lair:5   | Gained Hawl as an ally
 28422 | Lair:5   | Got a faintly glowing long sword
 28423 | Lair:5   | Identified the +4 long sword "Ceki" {slice, Fragile rPois MR+++ Str+3} (You found it on level 5 of the Lair of Beasts)
 28931 | Lair:6   | Entered Level 6 of the Lair of Beasts
 29010 | Lair:6   | Found a viscous altar of Jiyva.
 29010 | Lair:6   | Found a staircase to the Slime Pits.
 29438 | Lair:6   | Reached skill level 16 in Shields
 29667 | Lair:6   | Found a large runed door.
 29667 | Lair:6   | Found a large runed door.
 29696 | Lair:6   | Reached XP level 15. HP: 36/133 MP: 16/16
 30978 | Elf:1    | Entered Level 1 of the Elven Halls
 31588 | Elf:1    | Your ally Hawl died
 31607 | Elf:1    | Reached skill level 17 in Shields
 31993 | Elf:1    | Noticed a deep elf sorcerer
 31995 | Elf:1    | Cast into level 2 of the Abyss (a deep elf sorcerer)
 32113 | Abyss:2  | Noticed a tentacled starspawn
 32149 | Abyss:2  | Killed a tentacled starspawn
 32222 | Abyss:2  | Slain by a sun demon

Skill      XL: |  1  2  3  4  5  6  7  8  9 10 11 12 13 14 15 |
---------------+----------------------------------------------+-----
Fighting       | 4 5 6 7 9 10 11 12 | 12.5
Armour         | 4 5 6 7 9 10 11 12 | 12.7
Maces & Flails | 3 4 5 7 8 10 11 12 13 14 | 14.5
Shields        | 4 5 6 7 8 10 12 13 14 16 17 | 17.1
Dodging        | 1 2 3 4 |  4.0
Stealth        | 1 2 3 |  3.6
Invocations    | 1 |  1.5

Action                   |  1- 3 |  4- 6 |  7- 9 | 10-12 | 13-15 || total
-------------------------+-------+-------+-------+-------+-------++-------
Melee: Flail             |    92 |   253 |   532 |       |       ||   877
       Mace              |       |       |   170 |  1197 |   934 ||  2301
Invok: Convert to Beogh  |       |       |     1 |       |       ||     1
       Recall Orcish Fol |       |       |       |       |     4 ||     4
       Give Item to Name |       |       |       |       |     2 ||     2
  Use: Scroll            |       |       |     7 |     6 |     9 ||    22
       Potion            |       |       |       |     2 |     3 ||     5
 Stab: Distracted        |       |       |       |     5 |     5 ||    10
  Eat: Chunk             |       |     8 |    14 |    21 |    29 ||    72
       Fruit             |       |     4 |     5 |     3 |     9 ||    21
       Royal jelly       |       |       |       |     7 |       ||     7
Armor: Scale mail        |    13 |       |       |       |       ||    13
       Chain mail        |    34 |    94 |       |       |       ||   128
       Plate armour      |       |    54 |   623 |   623 |   340 ||  1640
       Skin              |       |       |       |       |     6 ||     6
Dodge: Dodged            |    25 |    56 |   193 |   255 |   227 ||   756
Block: Shield            |    51 |   146 |   551 |   876 |   751 ||  2375
